 Dungeon Crawl Stone Soup version 0.26.1-11-gd32895ea62 (webtiles) character file.

Game seed: 7505507252180297557

172 nomophobia the Skirmisher (level 5, -1/42 HPs)
             Began as a Demonspawn Abyssal Knight on May 20, 2021.
             Was a Believer of Lugonu.
             Succumbed to a scorpion's poison
             ... on level 4 of the Dungeon.
             The game lasted 00:31:06 (4378 turns).

nomophobia the Skirmisher (DsAK)                    Turns: 4378, Time: 00:31:07

Health: -1/42      AC:  6    Str: 14    XL:     5   Next: 27%
Magic:  3/6        EV: 10    Int: 13    God:    Lugonu [**....]
Gold:   202        SH:  0    Dex: 12    Spells: 4/4 levels left

rFire    . . .     SeeInvis .     - Unarmed
rCold    . . .     Faith    .   (no shield)
rNeg     . . .     Spirit   +   f - +0 scale mail
rPois    .         Reflect  .   (helmet restricted)
rElec    .         Harm     .   (no cloak)
rCorr    .         Rampage  .   (no gloves)
Will     .....                  (no boots)
Stlth    ..........             (no amulet)
HPRegen  0.14/turn              (no ring)
MPRegen  0.10/turn              (no ring)

@: lethally poisoned (-1 -> -26)
A: antennae 1, magic shield
a: Renounce Religion, Depart the Abyss, Bend Space


You were on level 4 of the Dungeon.
You worshipped Lugonu.
Lugonu was pleased with you.
You visited 1 branch of the dungeon, and saw 4 of its levels.
You visited the Abyss 1 time.

You collected 202 gold pieces.

Inventory:

Armour
 f - a +0 scale mail (worn)
Scrolls
 a - 2 scrolls of amnesia {unknown}
 c - 2 scrolls of blinking {unknown}
 d - 5 scrolls of teleportation {unknown}
 k - a scroll of magic mapping {unknown}
 l - a scroll of fog {unknown}
 m - a scroll of immolation {unknown}
 n - 2 scrolls of identify {unknown}
 o - a scroll of remove curse {unknown}
Potions
 b - a potion of berserk rage {unknown}
 e - a potion of haste
 g - a potion of flight {unknown}
 h - a potion of heal wounds {unknown}
 i - 4 potions of curing {unknown}
 j - a potion of might {unknown}
 p - a potion of degeneration {unknown}
 q - a potion of invisibility {unknown}
 r - a potion of brilliance {unknown}


   Skills:
 + Level 4.0 Fighting
 + Level 2.8 Armour
 + Level 2.3 Dodging
 + Level 2.8 Unarmed Combat
 - Level 2.4 Invocations


You had 4 spell levels left.
You didn't know any spells.
Your spell library was empty.

Dungeon Overview and Level Annotations

Branches:
Dungeon (4/15)
 Temple: D:4-7

Altars:
Hepliaklqana

Annotations:
D:3 Sigmund


Innate Abilities, Weirdness & Mutations

You have a pair of small antennae on your head.
When hurt, damage is shared between your health and your magic reserves.


Message History

The scorpion barely misses you.
You hit the adder.
You kill the adder!
Lugonu accepts your kill.
* * * LOW HITPOINT WARNING * * *
You feel sick.
The frilled lizard bites you but does no damage.
The scorpion barely misses you.
You closely miss the frilled lizard.
* * * LOW HITPOINT WARNING * * *
You feel sick.
The frilled lizard bites you but does no damage.
The scorpion stings you.
* * * LOW HITPOINT WARNING * * *
You are more poisoned.
The scorpion poisons you!
Unknown command.
Unknown command.
You closely miss the frilled lizard.
You die...

.........
####........
#$.#........
.........
....... #....#
#....#
...###.<..##♣♣♣
......l@......♣
.....#.s....PP.
#.## #......P.♣
# ..##...P♣♣
#.# ###♣♣ ##


You could see a scorpion and a frilled lizard.

Vanquished Creatures
  A worker ant (D:2)
  Robin (D:2)
  7 adders
  A worm (D:2)
  4 dart slugs
  2 leopard geckos
  4 orcs (D:2)
  2 giant cockroaches
  9 goblins
  7 hobgoblins
  5 kobolds
  A ball python (D:1)
  8 bats
  3 frilled lizards (D:3)
  9 rats
64 creatures vanquished.

Notes
Turn   | Place    | Note
-------+----------+-------------------------------------------
     0 | Abyss:1  | nomophobia the Demonspawn Abyssal Knight began the quest
                  | for the Orb.
     0 | Abyss:1  | Reached XP level 1. HP: 18/18 MP: 2/2
    18 | Abyss:1  | Found a corrupted altar of Lugonu.
    27 | Abyss:1  | Found a corrupted altar of Lugonu.
    50 | Abyss:1  | Noticed a hellwing
    61 | D:1      | Escaped the Abyss
   266 | D:1      | Reached skill level 1 in Dodging
   340 | D:1      | Gained mutation: When hurt, damage is shared between your
                  | health and your magic reserves. [demonic ancestry]
   340 | D:1      | Reached XP level 2. HP: 17/24 MP: 3/3
   812 | D:1      | Reached * piety under Lugonu
  1227 | D:2      | Gained mutation: You have a pair of small antennae on your
                  | head. [demonic ancestry]
  1227 | D:2      | Reached XP level 3. HP: 10/29 MP: 4/4
  2237 | D:2      | Noticed Robin
  2286 | D:2      | Killed Robin
  2287 | D:2      | Reached XP level 4. HP: 20/37 MP: 5/5
  2568 | D:2      | Found a hazy altar of Hepliaklqana.
  3001 | D:3      | Reached ** piety under Lugonu
  3104 | D:3      | Found a faded altar of an unknown god.
  3139 | D:3      | Noticed Sigmund
  3190 | D:2      | Reached XP level 5. HP: 3/42 MP: 4/6
  3492 | D:2      | Reached skill level 4 in Fighting
  4377 | D:4      | HP: 2/42 [scorpion (3)]
  4378 | D:4      | Succumbed to a scorpion's poison

Illustrated notes

Levels and vault maps discovered:
D:1:      lightli_arrival_chessboard, layout_basic, serial_rivers,
          chequers_serial_rivers_small_3, chequers_serial_rivers_small_a,
          chequers_serial_rivers_marsh, chequers_serial_rivers_micro_b,
          chequers_serial_rivers_large_b, chequers_serial_rivers_micro_a,
          kennysheep_doodads
D:2:      layout_loops_ring, nzn_hepliaklqana_mist_gate, minmay_tromino_v7,
          uniq_robin
D:3:      layout_rooms, chequers_ecumenical_altar_simple_redux,
          serial_bayou_pond_d, nicolae_gozag_cash_rules_everything_around_me,
          uniq_sigmund
D:4:      layout_cave_pools, temple_statues, serial_forest,
          infiniplex_forest_clump_small, infiniplex_forest_side_room,
          infiniplex_forest_pool, infiniplex_forest_clump_diagonal,
          infiniplex_forest_fountain, infiniplex_forest_clump_cross,
          infiniplex_forest_zigzag_2, minmay_quadrilaterals,
          uniq_crazy_yiuf_cottage, uniq_edmund

Skill      XL: |  1  2  3  4  5 |
---------------+----------------+-----
Dodging        | 1 2 |  2.3
Unarmed Combat | 2 |  2.8
Armour         | 2 |  2.8
Fighting       | 4 |  4.0
Invocations    | |  2.4

Action                   |  1- 3 |  4- 6 || total
-------------------------+-------+-------++-------
Melee: Unarmed           |   196 |   178 ||   374
       Punch             |     1 |     1 ||     2
Invok: Depart the Abyss  |     1 |       ||     1
       Bend Space        |       |     4 ||     4
Armor: Leather armour    |     3 |       ||     3
       Scale mail        |    93 |    75 ||   168
Dodge: Dodged            |   107 |   124 ||   231
